 Dungeon Crawl Stone Soup version 0.23.2-33-g5129a83184 (webtiles) character file.

Game seed: 14884636806044677937

326 H0rd4k the Charlatan (level 6, -3/45 HPs)
             Began as a Human Artificer on Aug 9, 2019.
             Killed from afar by an orc wizard (7 damage)
             ... with a magic dart
             ... on level 5 of the Dungeon.
             The game lasted 00:05:48 (3915 turns).

H0rd4k the Charlatan (Human Artificer)              Turns: 3915, Time: 00:05:48

Health: -3/45      AC:  3    Str: 15    XL:     6   Next: 78%
Magic:  9/9        EV: 12    Int: 11    God:
Gold:   284        SH:  0    Dex: 13    Spells: 5/5 levels left

rFire    . . .     SeeInvis .   r - +0 rapier
rCold    . . .     Gourm    .   (no shield)
rNeg     . . .     Faith    .   b - +0 leather armour
rPois    .         Spirit   .   (no helmet)
rElec    .         Reflect  .   (no cloak)
rCorr    .         Harm     .   (no gloves)
MR       .....                  (no boots)
Stlth    ++........             (no amulet)
HPRegen  0.15/turn              (no ring)
MPRegen  0.11/turn              (no ring)

@: slowed, very slow
A: no striking features
a: no special abilities


You were on level 5 of the Dungeon.
You were not hungry.

You visited 1 branch of the dungeon, and saw 5 of its levels.

You collected 284 gold pieces.

Inventory:

Hand Weapons
 a - a +0 short sword
 r - a +0 rapier (weapon)
Armour
 b - a +0 leather armour (worn)
Wands
 c - a wand of flame (7)
 d - a wand of enslavement (13)
 e - a wand of random effects (4)
 x - a wand of disintegration (20)
Scrolls
 g - 4 scrolls of identify {unknown}
 i - 2 scrolls of random uselessness {unknown}
 k - a scroll of immolation {unknown}
 l - 2 scrolls of magic mapping {unknown}
 m - 3 scrolls of teleportation {unknown}
 o - a scroll of fear {unknown}
 p - 4 scrolls of enchant weapon {unknown}
 q - a scroll of fog {unknown}
 u - a scroll of enchant armour {unknown}
 w - a scroll of amnesia {unknown}
 y - a scroll of noise {unknown}
Potions
 h - 2 potions of curing {unknown}
 j - a potion of mutation {unknown}
 n - a potion of brilliance {unknown}
 s - a potion of ambrosia {unknown}
 t - a potion of lignification {unknown}
 v - a potion of flight {unknown}
Comestibles
 f - 6 rations
 z - 3 chunks of flesh


   Skills:
 + Level 2.3 Fighting
 + Level 3.3 Short Blades
 + Level 2.4 Armour
 + Level 2.9 Dodging
 + Level 2.0 Stealth
 + Level 4.1 Evocations


You had 5 spell levels left.
You didn't know any spells.
Your spell library contained the following spells:

 Spells                   Type           Power        Failure   Level  Hunger
 Corona                   Hex            #......      41%         1    ##.....
 Ensorcelled Hibernation  Hex/Ice        #.....       54%         2    ###....
 Confuse                  Hex            #.......     78%         3    ####...
 Dazzling Spray           Conj/Hex       #.....       78%         3    ####...
 Tukima's Dance           Hex            #.......     78%         3    ####...


Dungeon Overview and Level Annotations

Branches:
Dungeon (5/15)
 Temple: D:4-7

Altars:

Annotations:
D:2 Robin
D:3 Grinder


Message History

The orc wizard gestures at you while chanting.
The magic dart hits you!
* * * LOW HITPOINT WARNING * * *
The orc wizard barely misses you.
Evoke which item? (* to show all) (? for menu, Esc to quit)
Aiming: Throw Flame
Press: ? - help, Shift-Dir - straight line, f/p - orc wizard
Aim: an orc wizard, wielding a +0 dagger and wearing a +0 robe (severely wounded, fast)
The puff of flame hits the orc wizard.
The orc wizard is almost dead.
The orc wizard points at you and mumbles some strange words.
You feel yourself slow down.
Evoke which item? (* to show all) (? for menu, Esc to quit)
Aiming: Throw Flame
Press: ? - help, Shift-Dir - straight line, f/p - orc wizard
Aim: an orc wizard, wielding a +0 dagger and wearing a +0 robe (almost dead, fast)
The puff of flame misses the orc wizard.
The orc wizard points at you and mumbles some strange words.
The magic dart hits you!
You die...

#. ##.. ###### #.
...# #.#..# #>.
...# #.#..#
#.##+#..#
#.#..#####......#
#........#.....#
#........#...o#
#........#..@##
#........#....#
#........#)##..#
#........#(# ...#
#........#.# ....#
#.#......(.##.##..#
#.##...>......#
#..#
#.###.(.....### #..
#.###.......##


You could see an orc wizard.

Vanquished Creatures
  An ogre (D:4)
  2 orc priests (D:5)
  A killer bee zombie (D:2)
  5 adders
  An ooze (D:1)
  A worm (D:3)
  3 dart slugs
  2 leopard geckos (D:1)
  6 orcs (D:5)
  A ball python (D:1)
  3 giant cockroaches
  11 goblins
  10 hobgoblins
  4 jackals (D:1)
  2 quokkas
  6 bats
  8 frilled lizards
  6 kobolds
  A leopard gecko skeleton (D:4)
  A quokka skeleton (D:4)
  8 rats
83 creatures vanquished.

Vanquished Creatures (collateral kills)
  An ogre (D:4)
1 creature vanquished.

Grand Total: 84 creatures vanquished

Notes
Turn   | Place    | Note
-------+----------+-------------------------------------------
     0 | D:1      | H0rd4k the Human Artificer began the quest for the Orb.
     0 | D:1      | Reached XP level 1. HP: 15/15 MP: 3/3
    78 | D:1      | Reached XP level 2. HP: 11/21 MP: 4/4
   555 | D:1      | Reached XP level 3. HP: 26/26 MP: 5/5
   992 | D:1      | Reached skill level 1 in Armour
  1418 | D:2      | Reached XP level 4. HP: 30/32 MP: 6/6
  1686 | D:2      | Noticed Robin
  1926 | D:3      | Noticed Grinder
  1926 | D:3      | Noticed an ogre
  2612 | D:3      | Reached XP level 5. HP: 37/38 MP: 7/7
  3240 | D:4      | Noticed an ogre
  3359 | D:4      | Noticed an ogre
  3365 | D:4      | Killed an ogre
  3365 | D:4      | Reached skill level 4 in Evocations
  3460 | D:4      | Killed an ogre
  3460 | D:4      | Reached XP level 6. HP: 25/44 MP: 9/9
  3745 | D:5      | Entered Level 5 of the Dungeon
  3915 | D:5      | Killed from afar by an orc wizard

Skill      XL: |  1  2  3  4  5  6 |
---------------+-------------------+-----
Armour         | 1 2 |  2.4
Short Blades   | 3 |  3.3
Evocations     | 4 |  4.1
Fighting       | 2 |  2.3
Stealth        | 2 |  2.0
Dodging        | |  2.9

Action                   |  1- 3 |  4- 6 || total
-------------------------+-------+-------++-------
Melee: Short sword       |   111 |     5 ||   116
       Rapier            |       |   149 ||   149
Evoke: Wand              |       |    21 ||    21
 Stab: Sleeping          |     2 |     3 ||     5
  Eat: Chunk             |     1 |     9 ||    10
Armor: Leather armour    |    24 |    34 ||    58
Dodge: Dodged            |    68 |   105 ||   173
